 Dungeon Crawl Stone Soup version 0.24.0-123-gd5b16e6ec5 (webtiles) character file.

Game seed: 14404663207806724124, levelgen mode: deterministic

285 Martska the Skirmisher (level 6, -5/66 HPs)
             Began as an Ogre Hunter on Feb 9, 2020.
             Slain by a river rat (8 damage)
             ... on level 4 of the Dungeon.
             The game lasted 00:10:23 (4771 turns).

Martska the Skirmisher (Ogre Hunter)                Turns: 4771, Time: 00:10:25

Health: -5/66      AC:  4    Str: 17    XL:     6   Next: 29%
Magic:  6/6        EV: 10    Int: 12    God:
Gold:   251        SH:  0    Dex: 11    Spells: 5/5 levels left

rFire    . . .     SeeInvis .   q - +0 mace
rCold    . . .     Gourm    .   (no shield)
rNeg     . . .     Faith    .   b - +0 robe
rPois    .         Spirit   .   (helmet restricted)
rElec    .         Reflect  .   j - +0 cloak
rCorr    .         Harm     .   (gloves unavailable)
MR       .....                  (boots unavailable)
Stlth    ++........             (no amulet)
HPRegen  0.21/turn              (no ring)
MPRegen  0.10/turn              (no ring)

@: very slow
A: large, unfitting armour, tough skin 1
a: no special abilities


You were on level 4 of the Dungeon.
You were hungry.

You visited 1 branch of the dungeon, and saw 4 of its levels.

You collected 251 gold pieces.

Inventory:

Hand Weapons
 a - a +0 short sword
 g - a +0 club
 p - a +0 flail
 q - a +0 mace (weapon)
Missiles
 c - a large rock (quivered)
 d - a throwing net
Armour
 b - a +0 robe (worn)
 j - a +0 cloak (worn)
Wands
 y - a wand of enslavement (1)
Scrolls
 e - 2 scrolls of identify
 h - 3 scrolls of amnesia
 m - a scroll of immolation
 n - a scroll of random uselessness {unknown}
 r - a scroll of magic mapping
 s - a scroll of fog {unknown}
 t - a scroll of teleportation {unknown}
 v - a scroll of blinking {unknown}
 B - a scroll of enchant weapon {unknown}
 C - a scroll of enchant armour {unknown}
Potions
 i - a potion of lignification {unknown}
 k - 2 potions of magic {unknown}
 l - 3 potions of flight {unknown}
 o - a potion of brilliance {unknown}
 u - a potion of berserk rage {unknown}
 w - a potion of agility {unknown}
 z - a potion of curing {unknown}
 A - a potion of might {unknown}
Comestibles
 f - 8 rations


   Skills:
 * Level 5.0 Fighting
 * Level 2.7 Maces & Flails
 + Level 4.5 Throwing
 + Level 2.7 Dodging
 + Level 1.9 Stealth


You had 5 spell levels left.
You didn't know any spells.
Your spell library was empty.

Dungeon Overview and Level Annotations

Branches:
Dungeon (4/15)             Temple (0/1) D:4

Altars:
The Shining One


Innate Abilities, Weirdness & Mutations

You are too large for most types of armour.
You have tough skin. (AC +1)


Message History

The river rat closely misses you. The adder bites you.
* * * LOW HITPOINT WARNING * * *
A worm comes into view.
As you read the scroll labeled KEUFUH KESMUEJ, it crumbles to dust.
The creatures around you are filled with an inner flame!
It was a scroll of immolation.
The river rat bites you.
* * * LOW HITPOINT WARNING * * *
The river rat bites you!
* * * LOW HITPOINT WARNING * * *
The adder barely misses you.
You feel much better. The river rat completely misses you. x2
The adder bites you but does no damage.
As you read the scroll labeled GIUCOSCH WOPH, it crumbles to dust.
You feel aware of your surroundings.
You sensed 1 shop/portal.
It was a scroll of magic mapping.
The adder bites you.
* * * LOW HITPOINT WARNING * * *
The river rat bites you!
* * * LOW HITPOINT WARNING * * *
The river rat bites you!
You die...

.........<.######********,,,*,,,,
........#..#∩#≈≈*≈#** *,,,***,,,,
.....##.#..#≈#≈**≈≈≈* *,*,***,,,,
.#......#.##≈*≈##≈#≈***,*,,,,,,,,
...........#≈*≈≈#≈#≈*,,,,,,,,,,,,
####÷#######w##≈#r#≈*,*,,,,,,,,,,
...).### *≈≈rw#r#≈*,*,,,,***,,,
.......# ######r#S#≈*,,.,,,* *,,,
##.....# #.#≈≈≈r@≈#≈*,..,,,****,,
.##....# #.#≈########..#*****,,,,
..#....###.#≈≈≈≈≈≈≈≈≈..# *,,*,,
#.#........####≈#≈#≈≈..#****,,,,,
..####..##...≈≈≈†≈.≈....,,,,,*,*,
##...##.##.....≈†.......,,,***,*,
.#.#..#.###.............,***,,,**
.#..#.#.# ##.##.#####..#,,,,,,,,*
.##.....# #....#* *,..,**,,>,,*


You could see 2 worms, an adder (inner flame), 3 river rats and 2 rats.

Vanquished Creatures
  A hound (D:4)
  An orc priest (D:3)
  2 orc wizards (D:3)
  A river rat (D:4)
  6 adders
  An ooze (D:2)
  3 worms (D:2)
  3 dart slugs
  4 leopard geckos
  9 orcs
  4 bats
  8 giant cockroaches
  7 goblins
  6 hobgoblins
  3 jackals (D:3)
  2 quokkas (D:3)
  2 ball pythons
  4 frilled lizards
  7 kobolds
  6 rats
80 creatures vanquished.

Notes
Turn   | Place    | Note
-------+----------+-------------------------------------------
     0 | D:1      | Martska the Ogre Hunter began the quest for the Orb.
     0 | D:1      | Reached XP level 1. HP: 22/22 MP: 1/1
   241 | D:1      | Reached skill level 3 in Fighting
   252 | D:1      | Reached XP level 2. HP: 25/31 MP: 2/2
   957 | D:1      | Reached skill level 1 in Stealth
  1284 | D:2      | Reached skill level 1 in Maces & Flails
  1316 | D:1      | Reached XP level 3. HP: 10/37 MP: 3/3
  1924 | D:2      | Reached XP level 4. HP: 37/48 MP: 4/4
  2471 | D:2      | Reached skill level 4 in Fighting
  2651 | D:3      | Found a glowing golden altar of the Shining One.
  2796 | D:3      | Reached XP level 5. HP: 54/54 MP: 5/5
  3727 | D:3      | Reached XP level 6. HP: 11/65 MP: 6/6
  4283 | D:3      | Reached skill level 5 in Fighting
  4769 | D:4      | HP: 1/66 [river rat (10)]
  4771 | D:4      | Slain by a river rat

Levels and vault maps discovered:
D:1:      ncdulo_smallfort, layout_loops_ring
D:2:      layout_basic, st_stairs_12
D:3:      layout_basic, first_ration, minmay_misc_feat_x, tso_altar
D:4:      layout_basic, minmay_temple_entry_slanted, lightli_sewer_entry_pipes,
          minmay_bent

Skill      XL: |  1  2  3  4  5  6 |
---------------+-------------------+-----
Fighting       | 3 4 5 |  5.0
Stealth        | 1 |  1.9
Dodging        | 2 |  2.7
Maces & Flails | 1 2 |  2.7
Throwing       | |  4.5

Action                   |  1- 3 |  4- 6 || total
-------------------------+-------+-------++-------
Melee: Club              |   132 |     5 ||   137
       Short sword       |     9 |       ||     9
       Mace              |       |   152 ||   152
       Flail             |       |     8 ||     8
Throw: Large rock        |    12 |    30 ||    42
       Throwing net      |     2 |     6 ||     8
  Use: Potion            |     1 |     1 ||     2
       Scroll            |       |     3 ||     3
 Stab: Sleeping          |       |     1 ||     1
       Held in net/web   |       |     1 ||     1
  Eat: Chunk             |     3 |     2 ||     5
       Ration            |       |     2 ||     2
Armor: Robe              |    62 |    71 ||   133
Dodge: Dodged            |    85 |   132 ||   217
